WCL
GASTONIA ROCKETS @ SPARTANBURG SPARTANS
08/12/1982
 
TOP OF THE 1ST
Gastonia Rockets batting - Pitching for Spartanburg Spartans : LHP Chuck Cary
Pitching: LHP Chuck Cary
Batting: RHB Jackie Wright 0-0: Ball
1-0: SINGLE (Flyball, 3D, EV 89.4 MPH)
Batting: RHB James Crawford 0-0: Ball
1-0: Foul Ball, location: 2F
1-1: Fly out, F9 (Flyball, 9D, EV 103.1 MPH)
Batting: RHB john W Russell 0-0: Ball
1-0: Foul Ball, location: 2F
1-1: Swinging Strike
Balk!
Jackie Wright to second
1-2: Strikes out swinging
Batting: RHB Mark Davidson 0-0: Called Strike
0-1: Foul Ball, location: 2F
0-2: Ball
1-2: Foul Ball, location: 2F
1-2: Ball
2-2: Foul Ball, location: 2F
2-2: Ball
3-2: Foul Ball, location: 2F
3-2: Foul Ball, location: 2F
3-2: Strikes out swinging
Top of the 1st over - 0 runs, 1 hit, 0 errors, 1 left on base; Gastonia 0 - Spartanburg 0
BOTTOM OF THE 1ST
Spartanburg Spartans batting - Pitching for Gastonia Rockets : RHP Jesus Aguilar
Pitching: RHP Jesus Aguilar
Batting: SHB Michael Vanderburg 0-0: Ball
1-0: Called Strike
1-1: Foul Ball, location: 2F
1-2: DOUBLE (Flyball, 8LXD, EV 92.5 MPH)
Batting: RHB Ron Dillard 0-0: Foul Ball, location: 2F
0-1: Foul Ball, location: 2F
0-2: Foul Ball, location: 2F
0-2: Ground out 1-3 (Groundball, 13S, EV 65.0 MPH)
Michael Vanderburg to third
Batting: LHB John Hennell 0-0: Ball
1-0: Ball
2-0: Foul Ball, location: 2F
2-1: Ground out 6-3 (Groundball, P, EV 85.6 MPH)
Michael Vanderburg scores
Batting: RHB Gib Seibert 0-0: Foul Ball, location: 2F
0-1: Ball
1-1: Called Strike
1-2: Ball
2-2: Foul Ball, location: 2F
2-2: Ball
3-2: Ground out 6-3 (Groundball, 6M, EV 101.3 MPH)
Bottom of the 1st over - 1 run, 1 hit, 0 errors, 0 left on base; Gastonia 0 - Spartanburg 1
TOP OF THE 2ND
Gastonia Rockets batting - Pitching for Spartanburg Spartans : LHP Chuck Cary
Batting: RHB Pat Dumouchelle 0-0: Ball
1-0: Ball
2-0: Ball
3-0: Base on Balls
Batting: LHB Dale Holman 0-0: Foul Ball, location: 2F
0-1: Ball
1-1: Ball
2-1: Swinging Strike
2-2: Ball
3-2: Strikes out looking
Pat Dumouchelle is caught stealing 2nd base 2-6
Batter strikes out.
Batting: RHB Lance Viola 0-0: Fly out, F5 (Line Drive, 6, EV 68.8 MPH)
Top of the 2nd over - 0 runs, 0 hits, 0 errors, 0 left on base; Gastonia 0 - Spartanburg 1
BOTTOM OF THE 2ND
Spartanburg Spartans batting - Pitching for Gastonia Rockets : RHP Jesus Aguilar
Batting: RHB Dan Boever 0-0: Swinging Strike
0-1: Swinging Strike
0-2: Ball
1-2: Foul Ball, location: 2F
1-2: Strikes out swinging
Batting: RHB Inocencio Guerrero 0-0: Swinging Strike
0-1: Swinging Strike
0-2: Ball
1-2: Ball
2-2: Ground out 2-3 (Groundball, 2L, EV 70.6 MPH)
Batting: RHB Rigo Rodriguez 0-0: Called Strike
0-1: Foul Ball, location: 2F
0-2: Foul Ball, location: 2F
0-2: Ball
1-2: Foul Ball, location: 2F
1-2: Foul Ball, location: 2F
1-2: Ground out 3-1 (Groundball, 34, EV 87.5 MPH)
Bottom of the 2nd over - 0 runs, 0 hits, 0 errors, 0 left on base; Gastonia 0 - Spartanburg 1
TOP OF THE 3RD
Gastonia Rockets batting - Pitching for Spartanburg Spartans : LHP Chuck Cary
Batting: RHB Jorge Monroig 0-0: Foul Ball, location: 2F
0-1: Fly out, F7 (Flyball, 78D, EV 97.5 MPH)
Batting: RHB Donald Murelli 0-0: Called Strike
0-1: Called Strike
0-2: Strikes out swinging
Batting: RHB Jackie Wright 0-0: Called Strike
0-1: SINGLE (Groundball, 56, EV 96.9 MPH)
Batting: RHB James Crawford 0-0: Called Strike
0-1: SINGLE (Line Drive, 4M, EV 95.6 MPH)
Jackie Wright to second
Runner from 2nd tries for 3rd, OUT! 8-5
Top of the 3rd over - 0 runs, 2 hits, 0 errors, 1 left on base; Gastonia 0 - Spartanburg 1
BOTTOM OF THE 3RD
Spartanburg Spartans batting - Pitching for Gastonia Rockets : RHP Jesus Aguilar
Batting: LHB Ronn Van Krevelen 0-0: Called Strike
0-1: Ground out 1-3 (Groundball, 34S, EV 66.9 MPH)
Batting: RHB Robin Dreizler 0-0: Ground out 5-3 (Groundball, 5L, EV 81.9 MPH)
Batting: SHB Michael Vanderburg 0-0: Called Strike
0-1: SINGLE (Groundball, 3D, EV 97.5 MPH)
Batting: RHB Ron Dillard 0-0: Ball
1-0: Ball
2-0: Foul Ball, location: 2F
2-1: Fielders Choice at 2nd, 4-6 (Groundball, 4MD, EV 75.6 MPH)
Bottom of the 3rd over - 0 runs, 1 hit, 0 errors, 1 left on base; Gastonia 0 - Spartanburg 1
TOP OF THE 4TH
Gastonia Rockets batting - Pitching for Spartanburg Spartans : LHP Chuck Cary
Batting: RHB john W Russell 0-0: Ball
1-0: Called Strike
1-1: Swinging Strike
1-2: Ball
2-2: Ground out 6-3 (Groundball, 6, EV 83.8 MPH)
Batting: RHB Mark Davidson 0-0: Reached on error, E6 (Groundball, 6, EV 82.5 MPH)
Batting: RHB Pat Dumouchelle 0-0: Ball
Mark Davidson is caught stealing 2nd base 2-4
1-0: Foul Ball, location: 2F
1-1: Called Strike
1-2: Strikes out swinging
Top of the 4th over - 0 runs, 0 hits, 1 error, 0 left on base; Gastonia 0 - Spartanburg 1
BOTTOM OF THE 4TH
Spartanburg Spartans batting - Pitching for Gastonia Rockets : RHP Jesus Aguilar
Batting: LHB John Hennell 0-0: Called Strike
0-1: Foul Ball, location: 2F
0-2: Ball
1-2: Ball
2-2: Ball
3-2: Fly out, F5 (Line Drive, 5, EV 71.3 MPH)
Batting: RHB Gib Seibert 0-0: Ball
1-0: Foul Ball, location: 2F
1-1: Called Strike
1-2: Ball
2-2: Fly out, F8 (Flyball, 8RS, EV 80.0 MPH)
Batting: RHB Dan Boever 0-0: Called Strike
0-1: Foul Ball, location: 2F
0-2: Reached on error, E8 (Flyball, 8LM, EV 95.0 MPH)
Batting: RHB Inocencio Guerrero 0-0: Ball
1-0: Foul Ball, location: 2F
1-1: Ground out 5-3 (Groundball, 56S, EV 93.1 MPH)
Bottom of the 4th over - 0 runs, 0 hits, 1 error, 1 left on base; Gastonia 0 - Spartanburg 1
TOP OF THE 5TH
Gastonia Rockets batting - Pitching for Spartanburg Spartans : LHP Chuck Cary
Batting: LHB Dale Holman 0-0: Called Strike
0-1: Hit by Pitch
Batting: RHB Lance Viola 0-0: Bunted foul
0-1: Bunted foul
0-2: Foul Ball, location: 2F
0-2: Foul Ball, location: 2F
0-2: Ball
1-2: Grounds into double play, 6-4-3 (Groundball, 6, EV 83.1 MPH)
Batting: RHB Jorge Monroig 0-0: Ball
1-0: Ground out 6-3 (Groundball, 6, EV 83.8 MPH)
Top of the 5th over - 0 runs, 0 hits, 0 errors, 0 left on base; Gastonia 0 - Spartanburg 1
BOTTOM OF THE 5TH
Spartanburg Spartans batting - Pitching for Gastonia Rockets : RHP Jesus Aguilar
Batting: RHB Rigo Rodriguez 0-0: Foul Ball, location: 2F
0-1: Called Strike
0-2: Ball
1-2: Strikes out swinging
Batting: LHB Ronn Van Krevelen 0-0: Called Strike
0-1: Fly out, F5 (Popup, 25F, EV 81.9 MPH)
Batting: RHB Robin Dreizler 0-0: Ball
1-0: Called Strike
1-1: Ball
2-1: Ball
3-1: Foul Ball, location: 2F
3-2: Foul Ball, location: 2F
3-2: Foul Ball, location: 2F
3-2: Strikes out swinging
Bottom of the 5th over - 0 runs, 0 hits, 0 errors, 0 left on base; Gastonia 0 - Spartanburg 1
TOP OF THE 6TH
Gastonia Rockets batting - Pitching for Spartanburg Spartans : LHP Chuck Cary
Batting: RHB Donald Murelli 0-0: Fly out, F4 (Popup, 13S, EV 77.5 MPH)
Batting: RHB Jackie Wright 0-0: Ball
1-0: SINGLE (Groundball, 6MS, EV 75.0 MPH) (infield hit)
Batting: RHB James Crawford 0-0: Swinging Strike
0-1: Ball
1-1: Ball
2-1: Foul Ball, location: 2F
2-2: Strikes out looking
Batting: RHB john W Russell 0-0: TRIPLE (Line Drive, 78XD, EV 101.9 MPH)
Jackie Wright scores
Batting: RHB Mark Davidson 0-0: Ball
1-0: Fly out, F8 (Flyball, 8LXD, EV 88.8 MPH)
Top of the 6th over - 1 run, 2 hits, 0 errors, 1 left on base; Gastonia 1 - Spartanburg 1
BOTTOM OF THE 6TH
Spartanburg Spartans batting - Pitching for Gastonia Rockets : RHP Jesus Aguilar
Batting: SHB Michael Vanderburg 0-0: Foul Ball, location: 2F
0-1: Ground out 3-1 (Groundball, 3S, EV 60.6 MPH)
Batting: RHB Ron Dillard 0-0: Ball
1-0: Ball
2-0: Ground out U3 (Groundball, 3L, EV 78.1 MPH)
Batting: LHB John Hennell 0-0: Foul Ball, location: 2F
0-1: Swinging Strike
0-2: Ball
1-2: Foul Ball, location: 2F
1-2: SINGLE (Groundball, 34D, EV 98.1 MPH)
Batting: RHB Gib Seibert 0-0: Called Strike
0-1: Ball
1-1: Ball
2-1: Foul Ball, location: 2F
2-2: Ball
3-2: Foul Ball, location: 2F
3-2: Foul Ball, location: 2F
3-2: Foul Ball, location: 2F
3-2: Foul Ball, location: 2F
3-2: Strikes out swinging
Bottom of the 6th over - 0 runs, 1 hit, 0 errors, 1 left on base; Gastonia 1 - Spartanburg 1
TOP OF THE 7TH
Gastonia Rockets batting - Pitching for Spartanburg Spartans : LHP Chuck Cary
Batting: RHB Pat Dumouchelle 0-0: Called Strike
0-1: Ball
1-1: Ground out 1-3 (Groundball, 34S, EV 68.1 MPH)
Batting: LHB Dale Holman 0-0: Ball
1-0: Foul Ball, location: 2F
1-1: Ball
2-1: SINGLE (Line Drive, 78M, EV 99.4 MPH)
Batting: RHB Lance Viola 0-0: Called Strike
0-1: Grounds into double play, 4-6-3 (Groundball, 4, EV 88.8 MPH)
Top of the 7th over - 0 runs, 1 hit, 0 errors, 0 left on base; Gastonia 1 - Spartanburg 1
BOTTOM OF THE 7TH
Spartanburg Spartans batting - Pitching for Gastonia Rockets : RHP Jesus Aguilar
Batting: RHB Dan Boever 0-0: Ball
1-0: Ground out 5-3 (Groundball, 56, EV 99.4 MPH)
Batting: RHB Inocencio Guerrero 0-0: Called Strike
0-1: Ball
1-1: Ground out U3 (Groundball, 3, EV 110.0 MPH)
Batting: RHB Rigo Rodriguez 0-0: Ground out 3-1 (Groundball, 34S, EV 88.8 MPH)
Bottom of the 7th over - 0 runs, 0 hits, 0 errors, 0 left on base; Gastonia 1 - Spartanburg 1
TOP OF THE 8TH
Gastonia Rockets batting - Pitching for Spartanburg Spartans : LHP Chuck Cary
Batting: RHB Jorge Monroig 0-0: Ball
1-0: Called Strike
1-1: Foul Ball, location: 2F
1-2: Ball
2-2: Ball
3-2: Foul Ball, location: 2F
3-2: SINGLE (Flyball, 78S, EV 93.8 MPH)
Batting: RHB Donald Murelli 0-0: Bunt missed!
0-1: Sac Bunt to 2R - play at first, batter OUT! 2-4
Jorge Monroig to second
Batting: RHB Jackie Wright 0-0: Called Strike
0-1: SINGLE (Flyball, 3D, EV 99.4 MPH)
Jorge Monroig to third
Batting: RHB James Crawford 0-0: Ball
1-0: Ball
Jackie Wright steals 2nd base
2-0: Fly out, F8 (Flyball, 8RXD, EV 105.0 MPH)
Runner from 3rd tags up, SCORES, no throw by CF
Batting: RHB john W Russell 0-0: Called Strike
0-1: Fly out, F7 (Flyball, 7LM, EV 87.5 MPH)
Top of the 8th over - 1 run, 2 hits, 0 errors, 1 left on base; Gastonia 2 - Spartanburg 1
BOTTOM OF THE 8TH
Spartanburg Spartans batting - Pitching for Gastonia Rockets : RHP Jesus Aguilar
Batting: LHB Ronn Van Krevelen 0-0: Foul Ball, location: 2F
0-1: Called Strike
0-2: Ball
1-2: Ball
2-2: Ball
3-2: Foul Ball, location: 2F
3-2: Foul Ball, location: 2F
3-2: Base on Balls
Batting: RHB Robin Dreizler 0-0: Ground out 4-3 (Groundball, 4S, EV 71.3 MPH)
Ronn Van Krevelen to second
Batting: SHB Michael Vanderburg 0-0: Foul Ball, location: 2F
0-1: Ball
1-1: Foul Ball, location: 2F
1-2: Ball
2-2: Ball
3-2: Ground out U3 (Groundball, 3, EV 84.4 MPH)
Ronn Van Krevelen to third
Batting: RHB Ron Dillard 0-0: Ball
1-0: Ball
2-0: Called Strike
2-1: SINGLE (Groundball, 4D, EV 97.5 MPH)
Ronn Van Krevelen scores
Batting: LHB John Hennell 0-0: Ball
Wild Pitch!
Ron Dillard to second
1-0: Ball
2-0: Called Strike
2-1: Foul Ball, location: 2F
2-2: Ball
3-2: Foul Ball, location: 2F
3-2: Ground out U3 (Groundball, 3L, EV 111.3 MPH)
Bottom of the 8th over - 1 run, 1 hit, 0 errors, 1 left on base; Gastonia 2 - Spartanburg 2
TOP OF THE 9TH
Gastonia Rockets batting - Pitching for Spartanburg Spartans : LHP Chuck Cary
Batting: RHB Mark Davidson 0-0: Ball
1-0: Called Strike
1-1: Ball
2-1: Called Strike
2-2: Foul Ball, location: 2F
2-2: Strikes out swinging
Batting: RHB Pat Dumouchelle 0-0: Called Strike
0-1: Fly out, F7 (Flyball, 7S, EV 81.3 MPH)
Pinch Hitting: RHB Kurt Kingsolver 0-0: Ball
1-0: Ball
2-0: Ground out 4-3 (Groundball, 4, EV 91.3 MPH)
Top of the 9th over - 0 runs, 0 hits, 0 errors, 0 left on base; Gastonia 2 - Spartanburg 2
BOTTOM OF THE 9TH
Spartanburg Spartans batting - Pitching for Gastonia Rockets : RHP Jesus Aguilar
Now at 1B: Kurt Kingsolver
Batting: RHB Gib Seibert 0-0: Ball
1-0: Called Strike
1-1: Called Strike
1-2: Strikes out swinging
Batting: RHB Dan Boever 0-0: Ball
1-0: Ball
2-0: Foul Ball, location: 2F
2-1: SOLO HOME RUN (Line Drive, 7D, EV 101.3 MPH), Distance : 382 ft
Bottom of the 9th over - 1 run, 1 hit, 0 errors, 0 left on base; Gastonia 2 - Spartanburg 3
Friday, August 21st, 2020 - OOTP Baseball 21.5 Build 76